 Dungeon Crawl Stone Soup version 0.29.1-1-gd02db6906a (webtiles) character file.

Game seed: 7167823886159614143

2 RascalDebosk the Caller (level 1, -1/13 HPs)
             Began as a Merfolk Summoner on Sept 25, 2022.
             Slain by a kobold
             ... wielding a +0 short sword
              (2 damage)
             ... on level 1 of the Dungeon.
             The game lasted 00:03:08 (120 turns).

RascalDebosk the Caller (Merfolk Summoner)           Turns: 120, Time: 00:03:08

Health: -1/13      AC:  2    Str:  8    XL:     1   Next: 40%
Magic:  1/3        EV: 12    Int: 14    God:
Gold:   16         SH:  0    Dex: 14    Spells: 3/4 levels left

rFire   . . .      SeeInvis .   c - +0 club
rCold   . . .      Faith    .   (no shield)
rNeg    . . .      Spirit   .   a - +0 robe
rPois   .          Reflect  .   (no helmet)
rElec   .          Harm     .   (no cloak)
rCorr   .          Rampage  .   (no gloves)
Will    .....                   (no boots)
Stlth   ++........              (no amulet)
HPRegen 0.04/turn               (no ring)
MPRegen 0.08/turn               (no ring)

@: no status effects
A: (nimble swimmer 2), mertail
a: no special abilities


You were on level 1 of the Dungeon.
You visited 1 branch of the dungeon, and saw 1 of its levels.

You collected 16 gold pieces.

Inventory:

Hand Weapons
 c - a +0 club (weapon)
Armour
 a - a +0 robe (worn)
Potions
 b - a potion of magic


   Skills:
 + Level 2.7 Dodging
 + Level 2.2 Stealth
 + Level 2.0 Spellcasting
 + Level 0.0 Hexes
 + Level 4.0 Summonings
 + Level 0.0 Air Magic
 + Level 0.0 Invocations


You had 3 spell levels left.
You knew the following spells:

 Your Spells              Type           Power      Damage    Failure   Level
a - Summon Small Mammal   Summ           48%        N/A       4%          1

Your spell library contained the following spells:

 Spells                   Type           Power      Damage    Failure   Level
 Call Imp                 Summ           12%        N/A       7%          2
 Call Canine Familiar     Summ           12%        N/A       14%         3
 Summon Guardian Golem    Hex/Summ       7%         N/A       30%         3
 Summon Lightning Spire   Summ/Air       7%         N/A       71%         4


Dungeon Overview and Level Annotations

Branches:
Dungeon (1/15)

Altars:


Innate Abilities, Weirdness & Mutations

((You are very nimble when in or above water. (Stealth+, EV+, Speed+++)))
Your lower body shifts to a powerful aquatic tail in water.


Message History

* * * LOW MAGIC WARNING * * *
The goblin barely misses you.
Your quokka closely misses the goblin.
The goblin hits you with a +0 club.
Your quokka bites the goblin.
The goblin dies!
Things that are here:
a +0 club; a goblin corpse You swap places.
Your quokka disappears in a puff of smoke!
A kobold comes into view. It is wielding a +0 short sword.
Casting: Summon Small Mammal (safe; 4% risk of failure)
Press: ? - help, Q - select action Dir - look around, f - activate
* * * LOW MAGIC WARNING * * *
You swap places.
You swap places.
A kobold comes into view. It is wielding a +0 short sword.
The helpless kobold fails to defend itself.
You hit the kobold. Your punch misses the kobold.
The kobold is moderately wounded.
The kobold shouts!
The kobold hits you but does no damage. The kobold barely misses your quokka.
Casting: Summon Small Mammal (safe; 4% risk of failure)
Press: ? - help, Q - select action Dir - look around, f - activate
* * * LOW MAGIC WARNING * * *
Your quokka closely misses the kobold.
The kobold closely misses your quokka.
You swap places.
The kobold closely misses your bat.
You don't have enough magic to cast this spell.
You don't have enough magic to cast this spell.
Unknown command.
Your bat hits the kobold.
The kobold hits your quokka with a +0 short sword.
Your bat barely misses the kobold.
You don't have enough magic to cast this spell.
You don't have enough magic to cast this spell.
Your bat barely misses the kobold.
Your bat misses the kobold. The kobold closely misses your bat.
Your bat barely misses the kobold.
The kobold hits something with a +0 short sword.
The kobold hits your bat but does no damage.
Your bat misses the kobold.
The kobold hits something with a +0 short sword.
The kobold hits your bat with a +0 short sword.
Your bat hits the kobold.
Your bat closely misses the kobold.
The kobold hits your bat with a +0 short sword.
Your bat barely misses the kobold.
The kobold closely misses your bat. The kobold completely misses your bat.
Your bat barely misses the kobold.
The kobold hits your bat with a +0 short sword.
Your bat dies!
Your bat's corpse disappears in a puff of smoke!
The kobold attacks as you move away!
The kobold hits you with a +0 short sword.
The kobold attacks as you move away! The kobold barely misses you.
The kobold attacks as you move away!
The kobold hits you with a +0 short sword.
The kobold attacks as you move away! The kobold barely misses you.
The kobold attacks as you move away!
The kobold hits you with a +0 short sword.
The kobold attacks as you move away!
The kobold hits you with a +0 short sword.
Casting: Summon Small Mammal (safe; 4% risk of failure)
Press: ? - help, Q - select action Dir - look around, f - activate The kobold hits you but does no damage.
You swap places.
The kobold barely misses your rat.
Your rat misses the kobold.
Casting: Summon Small Mammal (safe; 4% risk of failure)
Press: ? - help, Q - select action Dir - look around, f - activate
* * * LOW MAGIC WARNING * * *
The kobold barely misses your rat.
Your rat bites the kobold but does no damage.
You swap places.
The kobold hits your rat with a +0 short sword.
Your rat dies!
Your rat's corpse disappears in a puff of smoke!
Your bat hits the kobold but does no damage.
Your bat closely misses the kobold.
The kobold hits your bat with a +0 short sword.
The kobold hits your bat with a +0 short sword.
Your bat dies!
Your bat's corpse disappears in a puff of smoke!
Things that are here:
a +0 club; a goblin corpse
c - a +0 club
c - a +0 club (weapon)
The kobold misses you.
You hit the kobold.
You kill the kobold!
You completely miss the kobold.
The kobold hits you with a +0 short sword.
* * * LOW HITPOINT WARNING * * *
The kobold hits you with a +0 short sword.
* * * LOW HITPOINT WARNING * * *
You miss the kobold.
The kobold hits you with a +0 short sword.
* * * LOW HITPOINT WARNING * * *
You hit the kobold.
The kobold is moderately wounded.
The kobold hits you with a +0 short sword.
You die...

#################
#.†.@K..........#
#.#############.#
#.# #.# #.# #K#
#.# #.# #.# #.#
#.# #.### #.#
#...# #.# ###.#


You could see a kobold.

Vanquished Creatures
  A kobold (D:1)
1 creature vanquished.

Vanquished Creatures (collateral kills)
  A goblin (D:1)
1 creature vanquished.

Grand Total: 2 creatures vanquished

Notes
Turn   | Place    | Note
-------+----------+-------------------------------------------
     0 | D:1      | RascalDebosk the Merfolk Summoner began the quest for the
                  | Orb.
     0 | D:1      | Reached XP level 1. HP: 13/13 MP: 3/3
   120 | D:1      | Slain by a kobold

Illustrated notes

Levels and vault maps discovered:
D:1:      dreamdust_arrival_beginning_and_end, layout_basic,
          shapermc_ecumenical_altar_starsandcircs, nrook_loot_triangle

Action                   || total
-------------------------++-------
Melee: Club              ||     4
       Unarmed           ||     1
 Cast: Summon Small Mamm ||     8
 Stab: Sleeping          ||     1
Armor: Robe              ||     3
Dodge: Dodged            ||     5
